 Dungeon Crawl Stone Soup version 0.23.0-3-gf3c87f2 (webtiles) character file.

Game seed: 1905386249303834386

119 Azzok the Ruffian (level 5, 0/36 HPs)
             Began as an Octopode Fighter on Feb 22, 2019.
             Succumbed to an adder's poison
             ... on level 2 of the Dungeon.
             The game lasted 00:03:29 (2335 turns).

Azzok the Ruffian (Octopode Fighter)                Turns: 2335, Time: 00:03:30

Health: 0/36       AC:  1    Str: 15    XL:     5   Next: 3%
Magic:  5/5        EV: 11    Int: 12    God:
Gold:   41         SH:  8    Dex: 11    Spells: 4/4 levels left

rFire    . . .     SeeInvis .     - Unarmed
rCold    + . .     Gourm    .   a - +0 shield
rNeg     . . .     Faith    .   (helmet restricted)
rPois    .         Spirit   .   (no amulet)
rElec    .         Reflect  .   h - ring of protection from cold
rCorr    .         Harm     .   (no ring)
MR       .....                  (no ring)
Stlth    ++........             (no ring)
HPRegen  0.12/turn              (no ring)
MPRegen  0.09/turn              (no ring)
                                (no ring)
                                (no ring)

@: lethally poisoned (0 -> -7), berserk cooldown, slowed, very slow
A: almost no armour, stealthy swim, amphibious, 8 rings, constrict 8, camouflage
1, gelatinous body 1
a: no special abilities


You were on level 2 of the Dungeon.
You were hungry.

You visited 1 branch of the dungeon, and saw 3 of its levels.

You collected 41 gold pieces.

Inventory:

Hand Weapons
 m - a +5 dagger of venom
Armour
 a - a +0 shield (worn)
Jewellery
 h - a ring of protection from cold (left tentacle)
Scrolls
 e - a scroll of teleportation
 j - a scroll of remove curse
 l - 2 scrolls of fog {unknown}
Potions
 b - a potion of might
 i - a potion of degeneration {unknown}
 k - a potion of haste
Comestibles
 c - 2 rations


   Skills:
 - Level 3.0 Fighting
 - Level 3.0 Dodging
 - Level 3.0 Shields
 + Level 5.0 Unarmed Combat


You had 4 spell levels left.
You didn't know any spells.
Your spell library was empty.

Dungeon Overview and Level Annotations

Branches:
Dungeon (3/15)

Altars:


Innate Abilities, Weirdness & Mutations

You cannot wear most types of armour.
You are very stealthy in the water. (Stealth+)
You are amphibious.
You can wear up to eight rings at the same time.
You can use your tentacles to constrict eight enemies at once.
Your skin changes colour to match your surroundings (Stealth+).
Your rubbery body absorbs attacks. (AC +1, EV +1)


Message History

You feel yourself moving faster!
You feel mighty!
* * * LOW HITPOINT WARNING * * *
You feel sick.
There is a lethal amount of poison in your body!
There is a lethal amount of poison in your body!
You feel a strong urge to attack something.
* * * LOW HITPOINT WARNING * * *
You feel sick.
You feel your anger nearly subside.
* * * LOW HITPOINT WARNING * * *
You feel sick.
You are no longer berserk.
You are exhausted.
You feel yourself slow down.
You are feeling hungry.
* * * LOW HITPOINT WARNING * * *
You feel sick.
* * * LOW HITPOINT WARNING * * *
You feel sick.
You die...

·······▒··▒·)·>·····▒ ▒·▒
·······▒▒···········▒ ▒·▒
·······▒▒▒··········▒▒▒▒▒▒·▒
···········<·············>·▒▒▒▒▒▒
······▒▒▒▒▒·▒▒▒···(······<·▒·····
·····▒▒▒▒▒▒·····▒▒▒··············
▒▒▒▒▒▒··<········▒▒········▒·····
▒·▒▒▒▒▒▒▒▒▒·▒▒···>····▒▒▒▒▒▒ ▒▒·▒
▒@▒▒▒▒▒▒▒▒▒·▒ ▒··▒ ▒·▒ ▒·▒ ▒·▒▒
▒·▒ ▒▒▒▒▒▒▒·▒▒▒▒▒ ▒▒▒·▒
▒·▒▒▒···········▒▒ ▒▒▒···▒
▒·▒▒·············▒ ····▒▒▒
▒············÷···· ·▒▒▒▒
▒▒▒··············· ▒▒
▒········÷······ ▒···············


There were no monsters in sight!

Vanquished Creatures
  Robin (D:3)
  3 adders
  3 worms (D:2)
  2 dart slugs (D:2)
  A leopard gecko (D:1)
  14 goblins
  9 hobgoblins
  9 jackals (D:1)
  3 kobolds
  2 quokkas
  6 bats
  3 frilled lizards
  8 rats
64 creatures vanquished.

Notes
Turn   | Place    | Note
-------+----------+-------------------------------------------
     0 | D:1      | Azzok the Octopode Fighter began the quest for the Orb.
     0 | D:1      | Reached XP level 1. HP: 16/16 MP: 1/1
   423 | D:1      | Reached XP level 2. HP: 17/21 MP: 2/2
   660 | D:1      | Reached skill level 3 in Unarmed Combat
   705 | D:1      | Reached XP level 3. HP: 24/26 MP: 3/3
  1439 | D:2      | Reached skill level 4 in Unarmed Combat
  1638 | D:2      | Reached XP level 4. HP: 28/31 MP: 4/4
  1988 | D:3      | Noticed Robin
  2230 | D:3      | Killed Robin
  2324 | D:3      | Reached skill level 5 in Unarmed Combat
  2324 | D:3      | Reached XP level 5. HP: 11/36 MP: 5/5
  2333 | D:2      | HP: 1/36 [poisoned by an adder]
  2335 | D:2      | Succumbed to an adder's poison

Skill      XL: |  1  2  3  4 |
---------------+-------------+-----
Unarmed Combat | 3 4 5 |  5.0
Fighting       | |  3.0
Dodging        | |  3.0
Shields        | |  3.0

Action                   |  1- 3 |  4- 6 || total
-------------------------+-------+-------++-------
Melee: Unarmed           |    76 |    51 ||   127
       Constrict         |    23 |    13 ||    36
       Tentacles         |    16 |    12 ||    28
       Punch             |     1 |     4 ||     5
  Use: Scroll            |     2 |     2 ||     4
       Potion            |       |     2 ||     2
 Stab: Sleeping          |       |     1 ||     1
  Eat: Chunk             |     2 |     2 ||     4
Armor: Skin              |     7 |     7 ||    14
Dodge: Dodged            |    36 |    21 ||    57
Block: Shield            |    36 |    29 ||    65
